 Dungeon Crawl Stone Soup version 0.25-b1-46-gb8a1ec05df (webtiles) character file.

Game seed: 14932095752709858273

110 grindst0ne the Chopper (level 4, -4/42 HPs)
             Began as a Naga Gladiator on June 9, 2020.
             Slain by an orc
             ... wielding a +0 war axe
              (9 damage)
             ... on level 4 of the Dungeon.
             The game lasted 00:03:08 (2897 turns).

grindst0ne the Chopper (Naga Gladiator)             Turns: 2897, Time: 00:03:09

Health: -4/42      AC:  6    Str: 16    XL:     4   Next: 91%
Magic:  4/4        EV: 10    Int:  9    God:
Gold:   190        SH:  0    Dex: 13    Spells: 3/3 levels left

rFire    . . .     SeeInvis +   a - +0 war axe
rCold    . . .     Gourm    .   (no shield)
rNeg     . . .     Faith    .   o - +0 ring mail
rPois    +         Spirit   .   c - +0 helmet
rElec    .         Reflect  .   u - +0 cloak
rCorr    .         Harm     .   j - +0 pair of gloves
MR       .....                  (no barding)
Stlth    +.........             (no amulet)
HPRegen  0.14/turn              (no ring)
MPRegen  0.09/turn              (no ring)

@: very slow
A: large, see invisible, deformed body, poison resistance, slowness 2, slow
metabolism 1, spit poison 1, AC +1
a: Spit Poison


You were on level 4 of the Dungeon.
You were very hungry.

You visited 1 branch of the dungeon, and saw 4 of its levels.

You collected 190 gold pieces.

Inventory:

Hand Weapons
 a - a +0 war axe (weapon)
Missiles
 l - 13 poisoned darts (quivered)
Armour
 c - a +0 helmet (worn)
 j - a +0 pair of gloves (worn)
 k - a cursed +0 tower shield
 o - a +0 ring mail (worn)
 t - a +0 plate armour
 u - a +0 cloak (worn)
Jewellery
 r - an uncursed amulet of faith {unknown}
Wands
 x - a wand of polymorph (11)
Scrolls
 b - 2 scrolls of identify {unknown}
 h - 2 scrolls of enchant armour {unknown}
 i - 6 scrolls of remove curse {unknown}
 q - a scroll of amnesia {unknown}
 v - a scroll of random uselessness {unknown}
 w - a scroll of fog {unknown}
Potions
 e - 2 potions of might {unknown}
 g - a potion of resistance {unknown}
 m - a potion of flight {unknown}
 n - a potion of curing {unknown}
 p - 2 potions of degeneration {unknown}
 s - a potion of haste {unknown}
Comestibles
 f - 6 rations


   Skills:
 + Level 3.2 Fighting
 + Level 3.9 Axes
 - Level 1.7 Throwing
 + Level 3.2 Dodging


You had 3 spell levels left.
You didn't know any spells.
Your spell library was empty.

Dungeon Overview and Level Annotations

Branches:
Dungeon (4/15)
 Temple: D:4-7

Altars:
Hepliaklqana
Okawaru
Sif Muna
Wu Jian

Annotations:
D:4 Sigmund


Innate Abilities, Weirdness & Mutations

You cannot wear boots.
Your serpentine skin is tough. (AC +1)
You have supernaturally acute eyesight. (SInv)
Armour fits poorly on your strangely shaped body.
Your system is resistant to poisons. (rPois)
You cover ground very slowly.
You have a slow metabolism.
You can spit poison.


Message History

Sigmund casts a spell.
Sigmund flickers and vanishes for a moment.
Sigmund struggles against the net.
You hit Sigmund.
Sigmund is severely wounded.
You slash the howler monkey! You completely miss the orc.
The howler monkey hoots and howls with incredible vigour!
The howler monkey closely misses you. The orc hits you with a +0 war axe.
* * * LOW HITPOINT WARNING * * *
You hear a shout! x2
Sigmund struggles against the net.
The net rips apart, and Sigmund comes free!
The orc hits you but does no damage.
Found 16 poisoned darts.
Evoke which item? (* to show all) (? for menu, Esc to quit)
Okay, then.
You are feeling very hungry.
The howler monkey hoots and howls with incredible vigour!
Sigmund closely misses you. The orc hits you with a +0 war axe!
You die...

#.#. ## ###
#.#. ... . ...
.>. ...
#.##.###.##.###
..............#
#...........
.(#...h@#
.......o.#
........@#
....####.# ...
... .. ...#. #
#.#.#.. #.#.#
.. #.#.# ##. #
#.. ..


You could see Sigmund (invisible), a howler monkey (catching breath) and an orc.

Vanquished Creatures
  4 adders
  An ooze (D:3)
  A worm (D:2)
  A dart slug (D:1)
  3 leopard geckos (D:2)
  8 bats
  2 giant cockroaches (D:1)
  6 goblins
  9 hobgoblins
  3 jackals (D:1)
  4 frilled lizards
  9 kobolds
  15 rats
66 creatures vanquished.

Notes
Turn   | Place    | Note
-------+----------+-------------------------------------------
     0 | D:1      | grindst0ne the Naga Gladiator began the quest for the Orb.
     0 | D:1      | Reached XP level 1. HP: 19/19 MP: 1/1
   124 | D:1      | Reached XP level 2. HP: 20/26 MP: 2/2
   704 | D:1      | Reached XP level 3. HP: 29/33 MP: 3/3
  1160 | D:2      | Found an ornate altar of the Wu Jian Council.
  1402 | D:2      | Reached XP level 4. HP: 29/40 MP: 4/4
  2167 | D:3      | Found an iron altar of Okawaru.
  2326 | D:3      | Found a hazy altar of Hepliaklqana.
  2346 | D:3      | Found a shimmering blue altar of Sif Muna.
  2887 | D:4      | Noticed Sigmund
  2897 | D:4      | Slain by an orc

Illustrated notes

Levels and vault maps discovered:
D:1:      minmay_arrival_radiant_lines, layout_loops_ring, minivault_14,
          minmay_octomino_e4
D:2:      minmay_diamond_boxcup, layout_loops_ring, old_standard_altar
D:3:      layout_basic, okawaru_trees_1, lemuel_crystal_altar,
          lemuel_round_altar
D:4:      layout_basic, old_standard_altar,
          nicolae_dithmenos_through_a_glass_darkly, uniq_blork_the_orc,
          uniq_eustachio, uniq_sigmund, uniq_duvessa

Skill      XL: |  1  2  3  4 |
---------------+-------------+-----
Dodging        | 3 |  3.2
Fighting       | 3 |  3.2
Axes           | |  3.9
Throwing       | |  1.7

Action                   |  1- 3 |  4- 6 || total
-------------------------+-------+-------++-------
Melee: War axe           |   134 |    74 ||   208
Throw: Throwing net      |     1 |     2 ||     3
 Abil: Spit Poison       |       |     1 ||     1
 Stab: Held in net/web   |       |     1 ||     1
  Eat: Chunk             |     1 |     3 ||     4
Armor: Leather armour    |    16 |       ||    16
       Ring mail         |    37 |    37 ||    74
Dodge: Dodged            |    91 |    41 ||   132
